 Dungeon Crawl Stone Soup version 0.31-a0-986-g5e6e4ef867 (webtiles) character file.

Game seed: 12855974075382988143

1711 Whiskey the Mimic (level 9, -1/58 HPs)
             Began as an Octopode Shapeshifter on Nov 8, 2023.
             Was an Initiate of Gozag.
             Slain by a merfolk
             ... wielding a +0 trident
              (19 damage)
             ... on level 7 of the Dungeon.
             The game lasted 00:11:54 (5470 turns).

Whiskey the Mimic (Octopode Shapeshifter)           Turns: 5470, Time: 00:11:55

Health: -1/58      AC:  1    Str: 15    XL:     9   Next: 4%
Magic:  9/9        EV: 23    Int: 14    God:    Gozag
Gold:   243        SH:  5    Dex: 12    Spells: 8/8 levels left

rFire   . . .        n - +2 falchion (holy)
rCold   . . .        y - +0 buckler
rNeg    . . .        (helmet currently unavailable)
rPois   +            (no amulet)
rElec   .            e - +5 ring of evasion
rCorr   +            j - ring of poison resistance {rPois, !d}
SInv    .            u - ring of resist corrosion
Will    .....        k - +5 ring of evasion
Stlth   +++          (no ring)
HPRegen 0.29/turn    (no ring)
MPRegen 0.11/turn    (no ring)
                     (no ring)

%: no passive effects
@: beast-form, gold aura
A: beast (slay +4), almost no armour, amphibious, 8 rings, camouflage 1,
gelatinous body 1, (nimble swimmer 1), tentacles
a: Begin Untransformation, Renounce Religion, Potion Petition, Call Merchant,
Bribe Branch


You were on level 7 of the Dungeon.
You worshipped Gozag.
Gozag was aware of your devotion.
You were a hulking beast.
You visited 2 branches of the dungeon, and saw 8 of its levels.
You also visited: Sewer and Ossuary.

You collected 325 gold pieces.
You paid 82 gold pieces to Gozag.

Inventory:

Hand Weapons
 n - a +2 falchion of holy wrath (weapon)
   (You found it on level 3 of the Dungeon)
 w - a +2 mace of holy wrath
   (You took it off an orc on level 4 of the Dungeon)
Missiles
 d - 5 javelins (quivered)
Armour
 y - a +0 buckler (worn)
   (You found it on level 5 of the Dungeon)
Jewellery
 e - a +5 ring of evasion (left tentacle)
   (You found it on level 1 of the Dungeon)
 j - a ring of poison resistance (right tentacle) {rPois, !d}
   (You found it on level 2 of the Dungeon)
 k - a +5 ring of evasion (on tentacle)
   (You found it on level 2 of the Dungeon)
 u - a ring of resist corrosion (on tentacle)
   (You found it in a sewer)
Talismans
 b - a beast talisman
 c - a flux talisman
Wands
 i - a wand of flame (6)
   (You took it off Terence on level 2 of the Dungeon)
 H - a wand of acid (11)
   (You found it on level 6 of the Dungeon)
 I - a wand of polymorph (11)
   (You found it on level 7 of the Dungeon)
Scrolls
 g - 7 scrolls of teleportation {unknown}
 h - 7 scrolls of identify {unknown}
 m - 2 scrolls of amnesia {unknown}
 o - 2 scrolls of enchant armour {unknown}
 p - 2 scrolls of blinking {unknown}
 q - a scroll of brand weapon {unknown}
 r - 5 scrolls of immolation {unknown}
 v - 2 scrolls of revelation {unknown}
 A - a scroll of vulnerability {unknown}
 B - a scroll of enchant weapon {unknown}
 D - a scroll of torment {unknown}
 F - a scroll of noise {unknown}
Potions
 a - 2 potions of lignification {!q}
 f - 5 potions of curing
 l - a potion of haste {unknown}
 s - a potion of invisibility {unknown}
 t - 2 potions of might {unknown}
 x - a potion of mutation {unknown}
 z - 2 potions of brilliance {unknown}
 C - a potion of ambrosia {unknown}
 E - a potion of resistance {unknown}
 G - a potion of experience {unknown}


   Skills:
 - Level 4.0 Fighting
 - Level 3.0 Dodging
 - Level 3.0 Stealth
 + Level 4.6 Shields
 - Level 3.0 Unarmed Combat
 * Level 8.5 Shapeshifting


You had 8 spell levels left.
You didn't know any spells.
Your spell library contained the following spells:

 Spells                   Type           Power      Damage    Failure   Level
 Sandblast                Erth           0%         2d4       36%         1
 Passwall                 Tmut/Erth      0%         N/A       50%         2
 Stone Arrow              Conj/Erth      0%         3d7       73%         3
 Tukima's Dance           Hex            0%         N/A       73%         3
 Brom's Barrelling Bould  Conj/Erth      0%         2d3       98%         4
 Dimensional Bullseye     Hex/Tloc       0%         N/A       98%         4
 Iskenderun's Mystic Bla  Conj/Tloc      0%         2d3       98%         4


Dungeon Overview and Level Annotations

Branches:
Dungeon (7/15)             Temple (1/1) D:6           Sewer (visited)
Ossuary (visited)

Altars:
Ashenzari
Cheibriados
Dithmenos
Elyvilon
Fedhas
Gozag
Hepliaklqana
Kikubaaqudgha
Makhleb
Nemelex Xobeh
Okawaru
Qazlal
Ru
Sif Muna
Trog
Uskayaw
Vehumet
Wu Jian
Xom
Yredelemnul
Zin
The Shining One

Shops:
D:4 *   D:5 [


Innate Abilities, Weirdness & Mutations

You are a hulking beast.
Your limbs bulge with bestial killing power. (Slay +4)
You cannot wear most types of armour.
You are amphibious.
You can wear up to eight rings at the same time.
Your skin changes colour to match your surroundings (Stealth+).
Your rubbery body absorbs attacks. (AC +1, EV +1)
((You are camouflaged when in or above water. (Stealth+)))
You have tentacles for arms and can constrict up to eight enemies at once.


Message History

You take 6 damage, and have 48/54 hp.
You hit the scorpion.
You kill the scorpion!
You feel very sick.
You take 4 damage, and have 44/54 hp.
You feel very sick.
The white imp picks up a beetle and eats it.
The white imp gestures at you. The puff of frost misses you.
You feel sick. The white imp hits you. The white imp freezes you.
The sleepcap releases spores at you but does no damage.
You take 8 damage, and have 36/54 hp.
You hit the sleepcap. You grab the sleepcap. You constrict the sleepcap.
You feel sick. The white imp completely misses you.
The sleepcap barely misses you. You block the sleepcap's attack.
The white imp completely misses you.
You take 2 damage, and have 34/54 hp.
You hit the sleepcap. You squeeze the sleepcap. You constrict the sleepcap.
You feel sick. The white imp gestures at you. The puff of frost hits you!
The sleepcap releases spores at you.
You are too injured to fight recklessly!
You take 13 damage, and have 21/54 hp.
MASSIVE DAMAGE!!
You are too injured to fight recklessly!
You are too injured to fight recklessly!
You are too injured to fight recklessly!
You hit the sleepcap but do no damage. You squeeze the sleepcap!
You constrict the sleepcap, but do no damage.
You feel sick. The white imp gestures at you. The puff of frost hits you.
* * * LOW HITPOINT WARNING * * *
The sleepcap barely misses you.
You take 7 damage, and have 14/54 hp.
You slash the sleepcap!
You destroy the sleepcap!
You feel sick. The white imp barely misses you. x2
You take 1 damage, and have 13/54 hp.
You slash the white imp!
The white imp convulses.
Your grab misses the white imp.
You feel sick.
You are no longer poisoned.
The white imp is distracted by your dazzling golden aura.
You completely miss the white imp.
The white imp is no longer distracted by gold.
You grab the white imp. You squeeze the white imp.
You kill the white imp!
You start resting.
Health restored: 54
g - 7 scrolls labelled JIDEOL SODGHISUY (gained 1)
You now have 230 gold pieces (gained 6).
You now have 236 gold pieces (gained 6).
You now have 243 gold pieces (gained 7).
C - a puce potion;
I - a wand of polymorph (11)
Okay, then.
Found a stone staircase leading down.
p - 2 scrolls labelled PYGRAI OTURR (gained 1)
A water elemental comes into view.
A water elemental comes into view.
A merfolk and an electric eel come into view.
The merfolk shouts!
A water elemental comes into view.
You block the water elemental's attack.
The water elemental moves out of view.
You closely miss the water elemental. You squeeze the water elemental!
The water elemental misses you. The merfolk misses you.
You hit the water elemental but do no damage.
The water elemental misses you. You block the merfolk's attack.
You hit the water elemental. The water elemental closely misses you.
The merfolk completely misses you. The water elemental misses you.
The merfolk hits you from afar with a +0 trident.
You take 6 damage, and have 48/54 hp.
You hit the water elemental. You squeeze the water elemental.
The water elemental completely misses you.
The merfolk completely misses you.
You hit the water elemental. The water elemental barely misses you.
You block the merfolk's attack.
You hit the water elemental. The water elemental closely misses you.
The merfolk completely misses you.
The water elemental completely misses you.
You slash the water elemental! The merfolk barely misses you.
You block the water elemental's attack. You block the merfolk's attack.
You slash the water elemental!
You destroy the water elemental!
The merfolk hits you from afar with a +0 trident.
You have reached level 9!
Your experience leads to an increase in your attributes!
Increase (s)trength, (i)ntelligence, or (d)exterity?
You feel clever. x2
MP restored: 9 You block the merfolk's attack.
You slash the merfolk! You grab the merfolk. You squeeze the merfolk!
You constrict the merfolk, but do no damage.
The merfolk hits you with a +0 trident. The merfolk hits you with a +0 trident!
You take 21 damage, and have 30/58 hp.
MASSIVE DAMAGE!!
You hit the merfolk. You squeeze the merfolk! You constrict the merfolk.
The merfolk hits you with a +0 trident!
You take 12 damage, and have 18/58 hp.
MASSIVE DAMAGE!!
You hit the merfolk. You constrict the merfolk.
The merfolk hits you with a +0 trident!!
You die...
Your body crumbles into a pile of gold.

# ############## ..
#............## ~≈~
#.............# ≈≈~~
###.............# ~≈≈≈~
................####.≈≈≈~S
...######.......hm.E.~≈~..
...# #..#####.####≈≈≈~.}
...# ##.## ...# ~≈~.. ...#
##..###.#### ≈≈~~ ...#
#.....# ≈≈≈ ...###.....#
~≈ ...#.......# ~
...+.#.....# ...#########


You could see a merfolk and a water elemental.

Vanquished Creatures
  A vampire (D:6)
  A water elemental (D:7)
  A sky beast (D:6)
  An ogre (D:6)
  2 phantoms
  A bullfrog (D:6)
  4 scorpions
  2 hounds (D:5)
  3 jellies
  An orc priest (D:6)
  3 sleepcaps
  Terence (D:2)
  An orc wizard (D:5)
  A hell rat (Sewer)
  14 mummies
  6 adders
  2 river rats (Sewer)
  A shadow imp (D:5)
  A white imp (D:7)
  2 ufetubi (D:6)
  A worm (D:3)
  6 dart slugs
  25 orcs
  13 endoplasms
  7 giant cockroaches
  10 goblins
  11 hobgoblins
  3 jackals (D:4)
  A quokka (D:2)
  4 ball pythons
  11 bats
  3 frilled lizards
  4 gnoll skeletons (Ossuary)
  A goblin skeleton (Ossuary)
  7 kobolds
  3 kobold skeletons (Ossuary)
  11 rats
  11 rat skeletons (Ossuary)
181 creatures vanquished.

Notes
Turn   | Place    | Note
-------+----------+-------------------------------------------
     0 | D:1      | Whiskey the Octopode Shapeshifter began the quest for the
                  | Orb.
     0 | D:1      | Reached XP level 1. HP: 13/13 MP: 1/1
   152 | D:1      | Reached XP level 2. HP: 18/18 MP: 2/2
   204 | D:1      | HP: 4/18 [goblin/+0 club (4)]
   322 | D:1      | Reached XP level 3. HP: 23/24 MP: 3/3
   394 | D:1      | Reached skill level 2 in Fighting
   842 | D:2      | Noticed Terence
   852 | D:2      | Killed Terence
   853 | D:2      | Reached skill level 4 in Shapeshifting
   853 | D:2      | Reached XP level 4. HP: 18/30 MP: 4/4
  1656 | D:3      | Reached XP level 5. HP: 32/35 MP: 5/5
  2075 | D:4      | Noticed a phantom
  2086 | D:4      | Killed a phantom
  2087 | D:4      | Reached skill level 3 in Fighting
  2087 | D:4      | Reached skill level 5 in Shapeshifting
  2120 | D:4      | Found Woann's General Store.
  2126 | D:4      | Found a glowing drain.
  2225 | D:4      | Reached XP level 6. HP: 41/42 MP: 6/6
  2252 | Sewer    | Entered a sewer
  2692 | D:4      | Reached skill level 1 in Stealth
  2984 | D:5      | Entered Level 5 of the Dungeon
  3106 | D:5      | Found Veokaa's Antique Armour Boutique.
  3109 | D:5      | Reached XP level 7. HP: 42/47 MP: 7/7
  3170 | D:5      | Reached skill level 4 in Fighting
  3170 | D:5      | Reached skill level 2 in Stealth
  3318 | D:5      | Found a bloodstained altar of Trog.
  3341 | D:5      | Reached skill level 1 in Shields
  3413 | D:5      | Reached skill level 6 in Shapeshifting
  3738 | D:6      | Noticed a vampire
  3804 | D:6      | HP: 12/48 [something (5)]
  3806 | D:6      | Reached skill level 3 in Dodging
  3806 | D:6      | Reached skill level 3 in Stealth
  3950 | D:6      | Reached skill level 2 in Shields
  3981 | D:6      | Found a sand-covered staircase.
  3986 | D:6      | Reached XP level 8. HP: 54/54 MP: 8/8
  3989 | Ossuary  | Entered an ossuary
  4196 | Ossuary  | Reached skill level 7 in Shapeshifting
  4363 | D:6      | Reached skill level 3 in Shields
  4614 | D:6      | Found a staircase to the Ecumenical Temple.
  4623 | Temple   | Entered the Ecumenical Temple
  4649 | Temple   | Became a worshipper of Gozag Ym Sagoz the Greedy
  4862 | D:6      | HP: 6/54 [something (12)]
  4982 | D:6      | Killed a vampire
  4983 | D:6      | Reached skill level 4 in Shields
  5173 | D:7      | Reached skill level 8 in Shapeshifting
  5225 | D:7      | HP: 13/54 [poisoned by a scorpion]
  5450 | D:7      | Noticed a water elemental
  5452 | D:7      | Noticed a water elemental
  5453 | D:7      | Noticed a merfolk
  5457 | D:7      | Noticed a water elemental
  5465 | D:7      | Killed a water elemental
  5466 | D:7      | Reached XP level 9. HP: 50/58 MP: 9/9
  5470 | D:7      | Slain by a merfolk

Illustrated notes

Levels and vault maps discovered:
D:1:      minmay_arrival_stair_chambers, layout_rooms, bh_walls_and_bars
D:2:      layout_rooms, uniq_terence
D:3:      layout_loops_ring
D:4:      layout_gridville, gup_sewer_entry_glass, serial_shops, shop
D:5:      layout_cave_pools, old_standard_altar, serial_shops, shop,
          sigmund_army
D:6:      layout_cave_pools, minmay_temple_entry_antechambers,
          gup_ossuary_entry_pyramid
D:7:      layout_basic, nicolae_rank_and_phial
Temple:   regret_index_temple_sigil_plot

Skill      XL: |  1  2  3  4  5  6  7  8 |
---------------+-------------------------+-----
Fighting       | 2 3 4 |  4.0
Shapeshifting  | 4 5 6 8 |  8.5
Stealth        | 1 3 |  3.0
Shields        | 2 4 |  4.6
Dodging        | 3 |  3.0
Unarmed Combat | |  3.0

Action                     |  1- 3 |  4- 6 |  7- 9 || total
---------------------------+-------+-------+-------++-------
  Melee: Unarmed           |    85 |    40 |       ||   125
         Tentacles         |    11 |    26 |    37 ||    74
         Constrict         |    23 |    37 |    37 ||    97
         Punch             |     4 |     4 |     4 ||    12
         Falchion          |       |   104 |   160 ||   264
    Use: Potion            |       |       |     4 ||     4
   Stab: Sleeping          |     5 |    11 |    19 ||    35
 Armour: Skin              |    37 |    32 |    58 ||   127
  Dodge: Dodged            |    70 |   125 |   134 ||   329
  Block: Buckler           |       |       |    26 ||    26

Table legend: (Time is in decaauts)
 A = Elapsed time spent in this place.
 B = Non-inter-level travel time spent in this place.
 C = Inter-level travel time spent in this place.
 D = Time resting spent in this place.
 E = Time spent auto-exploring this place.
 F = Levels seen in this place.
 G = Mean time per level.
                   A        B        C        D        E       F      G
               +--------+--------+--------+--------+--------+-----+--------+
         Total |   5544 |   5372 |    172 |    425 |   3700 |  10 |  554.4 |
       Dungeon |   4993 |   4871 |    122 |    425 |   3429 |   7 |  713.3 |
        Temple |     52 |      2 |     50 |      0 |      0 |   1 |   52.0 |
         Sewer |    152 |    152 |      0 |      0 |    102 |   1 |  152.0 |
       Ossuary |    345 |    345 |      0 |      0 |    169 |   1 |  345.0 |
               +--------+--------+--------+--------+--------+-----+--------+

Top non-repeatable levels by time:
     D:5: 1003 daAuts
     D:6: 832 daAuts
     D:4: 824 daAuts
     D:3: 732 daAuts
     D:1: 726 daAuts
     D:2: 564 daAuts
 Ossuary: 345 daAuts
     D:7: 309 daAuts
   Sewer: 152 daAuts
  Temple: 52 daAuts

Levels and vault maps discovered:
D:1:      minmay_arrival_stair_chambers, layout_rooms, bh_walls_and_bars
D:2:      layout_rooms, uniq_terence
D:3:      layout_loops_ring
D:4:      layout_gridville, gup_sewer_entry_glass, serial_shops, shop
D:5:      layout_cave_pools, old_standard_altar, serial_shops, shop,
          sigmund_army
D:6:      layout_cave_pools, minmay_temple_entry_antechambers,
          gup_ossuary_entry_pyramid
D:7:      layout_basic, nicolae_rank_and_phial
Temple:   regret_index_temple_sigil_plot

Table legend: (Time is in decaauts)
 A = Elapsed time spent in this place.
 B = Non-inter-level travel time spent in this place.
 C = Inter-level travel time spent in this place.
 D = Time resting spent in this place.
 E = Time spent auto-exploring this place.
 F = Levels seen in this place.
 G = Mean time per level.
                   A        B        C        D        E       F      G
               +--------+--------+--------+--------+--------+-----+--------+
         Total |   5544 |   5372 |    172 |    425 |   3700 |  10 |  554.4 |
       Dungeon |   4993 |   4871 |    122 |    425 |   3429 |   7 |  713.3 |
        Temple |     52 |      2 |     50 |      0 |      0 |   1 |   52.0 |
         Sewer |    152 |    152 |      0 |      0 |    102 |   1 |  152.0 |
       Ossuary |    345 |    345 |      0 |      0 |    169 |   1 |  345.0 |
               +--------+--------+--------+--------+--------+-----+--------+

Top non-repeatable levels by time:
     D:5: 1003 daAuts
     D:6: 832 daAuts
     D:4: 824 daAuts
     D:3: 732 daAuts
     D:1: 726 daAuts
     D:2: 564 daAuts
 Ossuary: 345 daAuts
     D:7: 309 daAuts
   Sewer: 152 daAuts
  Temple: 52 daAuts

Table legend:
 A = Kills in this place as a percentage of kills in the entire game.
 B = Kills by you in this place as a percentage of kills by you in the entire game.
 C = Kills by friends in this place as a percentage of kills by friends in the entire game.
 D = Other kills in this place as a percentage of other kills in the entire game.
 E = Experience gained in this place as a percentage of experience gained in the entire game.
 F = Experience gained in this place divided by the number of levels of this place that you have seen.
                   A       B       C       D       E      F
               +-------+-------+-------+-------+-------+----------------------
         Total | 100.0 | 100.0 |   N/A |   N/A | 100.0 | 244.5
       Dungeon |  77.9 |  77.9 |   N/A |   N/A |  86.8 | 303.3
         Sewer |   4.4 |   4.4 |   N/A |   N/A |   2.7 |  66.0
       Ossuary |  17.7 |  17.7 |   N/A |   N/A |  10.5 | 256.0
               +-------+-------+-------+-------+-------+----------------------
